Map: Pillars of Gold LE

Players

MarineLorD - Winner!

  • Race: Terran Terran
  • League: Master
  • Spawn Location: 7:00

Kas

  • Race: Terran Terran
  • League: Grandmaster
  • Spawn Location: 1:00

Event: DreamHack SC2 Masters 2020 Fall

VOD

Have the link to the VOD?

Description

Time

  • Played on: Sept. 5, 2020, 2:07 p.m.
  • Length: 19:52

All games in this series

Show
View Real Time Build Order
Export as new Build Order

MarineLorD Terran - Winner!

Build Orders: Reaper Expand 

Get SALT Encoding   

  12  0:00  SCV  
  13  0:12  SCV  
  14  0:17  Supply Depot  
  14  0:24  SCV  
  15  0:38  SCV  
  15  0:40  Barracks  
  16  0:44  Refinery  
  16  0:51  SCV  
  17  1:03  SCV  
  18  1:15  SCV  
  19  1:27  Reaper, Orbital Command  
  20  1:44  Command Center  
  20  1:53  SCV  
  21  2:00  Supply Depot, Marine  
  22  2:05  SCV  
  23  2:12  Factory  
  23  2:21  Barracks Reactor  
  23  2:22  SCV  
  24  2:34  SCV  
  25  2:40  Refinery  
  25  2:46  SCV  
  26  2:58  SCV  
  27  2:59  Marine x2  
  27  3:00  Starport  
  27  3:01  Hellion  
  27  3:02  Orbital Command  
  31  3:08  Refinery  
  31  3:13  SCV  
  31  3:17  Marine x2  
  34  3:22  Factory Tech Lab  
  34  3:25  SCV  
  35  3:28  SCV  
  36  3:35  Marine x2  
  36  3:37  SCV  
  36  3:38  Starport Tech Lab  
  36  3:41  Siege Tank  
  42  3:42  SCV  
  42  3:48  Supply Depot  
  43  3:51  Supply Depot  
  43  3:53  SCV  
  43  3:54  SCV  
  45  4:05  SCV  
  45  4:09  SCV, Raven, Marine x2  
  51  4:14  Supply Depot  
  51  4:16  Cyclone  
  54  4:19  SCV  
  55  4:27  Supply Depot, Marine x2  
  55  4:28  SCV  
  57  4:31  SCV  
  57  4:34  Supply Depot  
  58  4:42  SCV  
  58  4:43  SCV  
  60  4:52  Raven  
  64  4:54  SCV  
  64  4:55  SCV  
  65  5:05  Command Center  
  65  5:06  SCV, Siege Tank  
  67  5:08  SCV  
  67  5:11  Marine x2  
  67  5:12  Refinery  
  70  5:18  SCV  
  70  5:20  SCV  
  71  5:30  SCV  
  71  5:31  Barracks x2  
  71  5:32  SCV, Marine x2  
  71  5:35  Raven  
  77  5:38  Siege Tank  
  81  5:42  SCV  
  81  5:44  SCV  
  82  5:54  Supply Depot x2  
  82  5:55  SCV  
  82  5:56  SCV  
  84  6:03  Engineering Bay x2, Marine x2  
  86  6:15  SCV x2, Siege Tank  
  91  6:19  Barracks Reactor x2  
  91  6:24  Orbital Command  
  91  6:31  Viking  
  91  6:32  Viking, Marine  
  96  6:33  Stimpack  
  96  6:37  SCV  
  96  6:38  SCV  
  98  6:44  Orbital Command  
  98  6:48  Terran Infantry Weapons Level 1  
  98  6:49  SCV, Terran Infantry Armor Level 1  
  98  6:50  Siege Tank  
  98  6:53  SCV  
  101  7:02  Viking x2  
  101  7:04  SCV  
  106  7:13  SCV x2, Sensor Tower  
  108  7:17  SCV  
  108  7:25  SCV x2  
  108  7:27  Siege Tank  
  108  7:28  Marine x4  
  117  7:32  Supply Depot  
  117  7:38  Marine  
  117  7:39  SCV x2  
  117  7:42  Refinery  
  117  7:43  Refinery  
  120  7:45  Viking x2  
  120  7:48  Supply Depot  
  120  7:50  SCV  
  125  7:53  SCV  
  126  8:01  Marine x4  
  126  8:05  Armory  
  130  8:07  Marine  
  130  8:12  Supply Depot  
  131  8:13  Combat Shield  
  131  8:14  SCV x2  
  131  8:15  Viking x2  
  137  8:22  Supply Depot x2, Marine x3  
  137  8:23  Marine  
  141  8:33  SCV, Siege Tank  
  139  8:42  Marine x3  
  139  8:45  Medivac x2  
  139  8:47  Marine x2  
  139  8:48  Barracks x2  
  146  8:49  Command Center  
  147  8:55  SCV x2  
  147  8:56  Terran Infantry Armor Level 2, Terran Infantry Weapons Level 2  
  147  8:58  Terran Vehicle Weapons Level 1  
  147  8:59  Marine  
  147  9:00  Marine x2  
  150  9:05  Supply Depot x2, Marine  
  150  9:08  Missile Turret, Marine  
  151  9:17  Medivac x2, Marine x3  
  151  9:23  Marine  
  159  9:26  Marine  
  144  9:35  Marine x3  
  123  9:41  Marine  
  123  9:43  Barracks Reactor x2  
  119  9:47  Medivac x2  
  119  9:48  SCV x2  
  125  9:53  Marine x3  
  125  9:55  Barracks  
  125  9:56  Barracks  
  125  9:57  Missile Turret, Barracks, Siege Tank  
  130  10:02  Factory  
  130  10:03  Marine  
  130  10:06  SCV  
  132  10:07  Barracks Reactor  
  132  10:11  SCV x2, Marine x3  
  137  10:18  Viking x2, Refinery  
  137  10:19  Marine x3, Sensor Tower  
  137  10:21  Refinery  
  144  10:22  Marine x2  
  146  10:29  Marine  
  146  10:35  Marine x2  
  124  10:37  Marine  
  124  10:38  Marine x2  
  124  10:40  Marine x2  
  124  10:42  Marine  
  118  10:43  Marine x2  
  118  10:44  Marine  
  118  10:45  Marine  
  118  10:46  Marine  
  122  10:51  Planetary Fortress  
  122  10:52  SCV x3  
  122  10:53  Marine x2  
  122  10:55  Marine  
  128  10:59  Siege Tank  
  128  11:01  Siege Tank  
  134  11:04  SCV  
  134  11:05  Barracks Reactor x3, Marine x2  
  134  11:07  Marine  
  134  11:10  Marine x2  
  140  11:12  Marine x2  
  140  11:13  Marine  
  140  11:14  Marine  
  140  11:17  Marine  
  144  11:23  Marine  
  144  11:25  Marine  
  145  11:26  Command Center  
  145  11:28  Marine x2  
  145  11:31  Terran Infantry Weapons Level 3, Siege Tank  
  151  11:33  Terran Infantry Armor Level 3  
  150  11:46  Marine x2  
  149  11:47  Marine  
  149  11:48  Marine  
  149  11:49  Marine  
  149  11:53  Marine, Siege Tank  
  137  11:55  Marine  
  137  11:58  Marine x3  
  137  11:59  Marine x5  
  137  12:01  Marine  
  144  12:03  Siege Tank, Marine, Liberator  
  144  12:04  Marine  
  144  12:07  Marine  
  144  12:08  Marine x2  
  151  12:11  Marine  
  151  12:12  SCV  
  151  12:13  Marine  
  151  12:16  Marine x4  
  151  12:17  Marine x3  
  151  12:18  Marine  
  151  12:20  Marine  
  151  12:21  Marine  
  151  12:22  Marine  
  140  12:25  Marine x2, Siege Tank  
  140  12:26  Marine  
  140  12:27  SCV  
  140  12:28  SCV x2  
  140  12:29  Marine  
  143  12:31  Marine  
  143  12:34  Marine x7  
  143  12:36  Marine, Siege Tank  
  154  12:39  Marine  
  154  12:40  Marine  
  154  12:43  Marine x2  
  157  12:45  Medivac, Sensor Tower  
  157  12:47  Marine  
  157  12:48  Marine  
  161  12:54  Marine x3  
  161  12:57  Siege Tank  
  160  12:59  Marine x2  
  160  13:01  Marine x2  
  160  13:02  Viking  
  160  13:03  Marine x3  
  160  13:04  Marine  
  165  13:08  Marine  
  159  13:14  Marine  
  159  13:15  Viking  
  145  13:28  Marine  
  145  13:29  Marine x4  
  145  13:30  Marine x2  
  136  13:35  Marine x3  
  136  13:39  Marine x6  
  136  13:40  Siege Tank  
  136  13:41  Liberator, Siege Tank  
  151  13:45  Liberator  
  151  13:46  Marine x3  
  151  13:47  Marine x2  
  153  13:48  Marine  
  153  13:52  Marine  
  153  13:53  SCV x2, Planetary Fortress, Marine x2  
  157  14:01  Sensor Tower  
  157  14:03  Marine  
  157  14:05  Marine  
  160  14:10  Marine  
  160  14:12  Marine x2  
  162  14:19  Siege Tank  
  162  14:21  Sensor Tower  
  162  14:22  Marine x4  
  162  14:24  Viking, SCV, Marine  
  169  14:28  Viking  
  175  14:32  Terran Vehicle And Ship Armor Level 1  
  175  14:35  Marine x3  
  175  14:36  Marine x3  
  181  14:39  Marine x2  
  183  14:50  Marine x2  
  161  14:53  Marine  
  161  14:56  Marine  
  141  15:00  Viking x2  
  141  15:01  Siege Tank  
  141  15:02  Marine x5  
  141  15:06  Marine x3  
  141  15:07  Marine  
  156  15:08  Marine x2  
  156  15:10  Marine  
  156  15:14  Marine  
  154  15:17  Siege Tank  
  154  15:20  Marine x2  
  160  15:21  Command Center  
  160  15:23  SCV x3  
  160  15:24  Marine  
  164  15:29  Marine  
  164  15:30  Medivac x2, Marine  
  164  15:31  Marine  
  171  15:36  Siege Tank  
  174  15:47  Marine x3  
  177  15:50  Marine x2, Sensor Tower  
  177  15:52  Marine x2  
  177  15:54  Marine x3  
  177  15:55  Marine x2  
  177  15:56  Marine  
  183  16:00  Medivac x2  
  183  16:01  Siege Tank  
  186  16:11  Marine x4  
  186  16:12  Marine x3  
  186  16:15  Marine x4  
  193  16:19  Marine x2  
  193  16:21  Marine x2  
  189  16:27  Marine  
  189  16:29  Marine  
  189  16:31  Marine x3  
  189  16:32  Marine  
  184  16:36  Marine x4  
  184  16:37  Marine x2  
  185  16:43  Marine x3  
  188  16:48  Marine x2  
  188  16:50  Marine x2  
  192  17:01  Marine x5  
  192  17:02  Marine x3  
  192  17:04  Marine x2  
  199  17:08  Marine  
  196  17:16  Marine x2  
  196  17:18  Marine x3  
  196  17:22  Marine x2  
  197  17:23  Marine  
  197  17:27  Marine  
  191  17:30  Marine x2  
  191  17:33  Siege Tank  
  191  17:35  Marine x2  
  161  17:39  Orbital Command  
  161  17:42  Marine  
  161  17:43  Marine  
  160  17:44  Marine  
  160  17:45  Marine  
  160  17:49  Marine  
  164  17:53  Siege Tank  
  164  17:55  Medivac  
  168  18:01  Marine x4  
  168  18:03  Marine  
  173  18:08  Marine x2  
  163  18:15  Marine x3  
  163  18:16  Marine x2  
  163  18:19  Marine  
  151  18:20  Siege Tank  
  151  18:25  Siege Tank  
  151  18:27  Marine x5  
  153  18:29  Marine  
  159  18:34  Medivac  
  159  18:35  Medivac  
  163  18:45  Marine x2  
  163  18:47  Marine x2  
  138  18:51  Marine x2  
  138  18:52  Marine x3, Siege Tank  
  138  18:54  Marine  
  125  18:57  Marine  
  125  19:00  Marine  
  125  19:05  Marine  
  125  19:06  Marine  
  127  19:10  Marine  
  127  19:13  Siege Tank  
  127  19:14  Marine x2  
  127  19:15  Marine  
  134  19:18  Orbital Command, Marine x2  
  134  19:22  Marine x2  
  138  19:25  Marine x2  
  138  19:28  Marine  
  138  19:29  Marine x2  
  143  19:31  Marine  
  143  19:33  Marine  
Show
View Real Time Build Order
Export as new Build Order

Kas Terran 

Build Orders: Gas First Reaper Expand, Liberator Opening 

Get SALT Encoding   

  12  0:00  SCV  
  13  0:12  SCV  
  14  0:17  Supply Depot  
  14  0:24  SCV  
  15  0:29  Refinery  
  15  0:38  SCV  
  16  0:46  Barracks  
  16  0:51  SCV  
  17  1:03  SCV  
  18  1:15  SCV  
  19  1:32  Orbital Command  
  19  1:33  Reaper  
  20  1:44  Command Center  
  20  1:55  Factory  
  20  1:59  SCV  
  21  2:06  Barracks Reactor  
  21  2:11  SCV  
  21  2:15  Supply Depot  
  22  2:22  Refinery  
  22  2:23  SCV  
  22  2:35  SCV  
  22  2:45  Starport  
  22  2:47  SCV  
  22  2:51  Hellion x2  
  27  2:58  Orbital Command  
  27  3:03  SCV  
  27  3:15  SCV  
  27  3:17  Hellion  
  27  3:18  Hellion  
  32  3:24  SCV  
  33  3:28  Liberator  
  36  3:35  SCV  
  36  3:37  SCV  
  38  3:44  Hellion x2  
  38  3:47  Supply Depot  
  42  3:48  SCV  
  42  3:51  SCV  
  42  3:53  Barracks Tech Lab  
  44  4:00  SCV  
  45  4:04  SCV  
  45  4:09  Hellion x2  
  50  4:16  SCV, Supply Depot  
  51  4:17  SCV  
  51  4:19  Raven  
  54  4:37  SCV  
  55  4:42  SCV  
  56  4:46  Factory Tech Lab  
  56  4:47  Supply Depot, Marine x2  
  56  4:49  Command Center  
  56  4:51  SCV  
  56  5:02  SCV, Raven  
  56  5:04  Marine x2  
  56  5:06  SCV  
  62  5:09  Refinery, Siege Tank  
  65  5:15  SCV  
  65  5:19  SCV  
  65  5:20  Supply Depot  
  66  5:25  Marine x2  
  66  5:27  SCV  
  69  5:31  SCV  
  70  5:42  SCV, Siege Tank  
  74  5:44  SCV  
  74  5:47  Supply Depot  
  74  5:48  Refinery  
  75  5:53  Supply Depot  
  75  5:54  SCV  
  75  5:56  SCV  
  51  5:57  Stimpack, Marine  
  77  6:00  Viking x2  
  77  6:01  Orbital Command  
  82  6:06  SCV  
  82  6:09  SCV  
  84  6:15  Siege Tank  
  84  6:17  Marine  
  88  6:20  SCV  
  88  6:25  Orbital Command  
  89  6:28  Engineering Bay  
  89  6:29  SCV, Engineering Bay  
  89  6:30  Barracks  
  89  6:31  Barracks  
  89  6:32  SCV  
  91  6:37  Marine  
  92  6:41  Viking x2, SCV  
  92  6:44  SCV  
  92  6:46  Supply Depot  
  97  6:51  Siege Tank  
  97  6:53  SCV  
  97  6:54  SCV  
  102  6:56  Supply Depot  
  102  6:57  Terran Infantry Weapons Level 1, Marine  
  102  7:01  Terran Infantry Armor Level 1  
  103  7:05  SCV  
  104  7:09  SCV  
  104  7:10  SCV  
  104  7:13  Viking x2  
  104  7:15  Marine  
  110  7:18  SCV, Barracks Reactor  
  110  7:27  SCV x2  
  110  7:29  Barracks  
  112  7:30  Supply Depot, Barracks  
  112  7:31  SCV, Supply Depot  
  112  7:32  Refinery  
  112  7:34  Barracks Reactor  
  112  7:37  Refinery  
  113  7:38  Combat Shield  
  113  7:39  SCV, Supply Depot  
  114  7:45  Siege Tank  
  114  7:46  SCV  
  118  7:52  SCV  
  118  7:55  Armory  
  118  7:57  Marine  
  120  7:59  Viking  
  120  8:04  SCV x2  
  124  8:06  SCV  
  124  8:10  Supply Depot  
  124  8:12  Marine x2  
  127  8:13  Marine x2  
  127  8:14  Command Center  
  127  8:15  Marine  
  127  8:18  Barracks Reactor, Supply Depot  
  127  8:19  Barracks Reactor  
  130  8:21  SCV x2  
  130  8:23  SCV  
  133  8:30  Marine x2  
  133  8:31  Marine x2  
  133  8:33  SCV, Marine  
  129  8:44  Siege Tank  
  129  8:45  Viking x2  
  129  8:48  Supply Depot, Marine x3  
  138  8:52  Terran Infantry Weapons Level 2  
  138  8:54  Terran Infantry Armor Level 2  
  138  8:55  Factory  
  139  8:56  Marine x2  
  139  8:57  Marine  
  139  9:01  Marine x2  
  144  9:04  Marine  
  144  9:07  SCV x3  
  148  9:10  Marine x3  
  148  9:16  Siege Tank  
  151  9:19  Sensor Tower  
  117  9:39  Marine x5  
  117  9:40  Marine  
  117  9:41  Marine x2, Factory Tech Lab  
  117  9:42  Medivac x2  
  117  9:44  Planetary Fortress  
  126  9:46  Marine  
  126  9:47  Missile Turret  
  126  9:51  Siege Tank  
  128  9:55  SCV x2  
  128  9:57  Marine x5  
  128  9:58  Marine x2  
  128  9:59  Marine  
  138  10:01  Siege Tank  
  138  10:04  Marine  
  142  10:11  SCV x2  
  144  10:14  Marine  
  144  10:15  Marine x4  
  144  10:16  Marine x3  
  152  10:21  Medivac x2  
  152  10:22  Marine  
  152  10:25  Command Center  
  157  10:32  Marine x4  
  157  10:34  Marine x2  
  140  10:35  Marine x2  
  140  10:39  Marine  
  128  10:47  Siege Tank  
  126  10:50  Marine x4  
  126  10:52  Marine x2  
  126  10:53  Viking x2, Marine x2, Siege Tank  
  141  10:57  Marine  
  141  11:00  Terran Vehicle Weapons Level 1, Barracks  
  141  11:04  Barracks  
  142  11:06  Barracks  
  142  11:08  SCV x2, Marine x4  
  142  11:09  SCV  
  142  11:10  Marine x2  
  151  11:11  Marine x2  
  151  11:13  Terran Infantry Weapons Level 3  
  151  11:15  Marine  
  154  11:18  Terran Infantry Armor Level 3  
  152  11:26  Marine x3  
  152  11:30  SCV x3  
  152  11:31  Siege Tank  
  152  11:32  Marine x3, Siege Tank  
  167  11:34  Marine  
  167  11:37  Medivac x2  
  167  11:38  Marine x2  
  167  11:39  Planetary Fortress  
  174  11:43  Marine  
  174  11:44  Marine  
  147  12:03  Marine x8  
  147  12:04  Barracks Reactor x2  
  147  12:05  Siege Tank x2  
  147  12:07  Marine  
  160  12:11  Marine  
  160  12:21  Marine x8  
  150  12:25  Marine  
  150  12:29  Marine  
  139  12:39  Marine x8  
  139  12:40  Viking x2, Siege Tank x2  
  139  12:41  SCV x4  
  139  12:43  Marine  
  157  12:47  Marine  
  157  12:52  Starport  
  157  12:53  Starport  
  157  12:56  Marine  
  157  12:57  Marine x7  
  164  13:01  Marine  
  164  13:05  Marine  
  166  13:11  Marine  
  166  13:12  Siege Tank x2  
  169  13:14  Marine x3  
  169  13:16  Viking x2  
  169  13:17  Marine x8  
  169  13:19  Marine  
  185  13:20  Terran Ship Weapons Level 1  
  185  13:23  Marine  
  173  13:29  Marine  
  173  13:32  Marine x3  
  173  13:34  Viking x2  
  152  13:35  Marine x8  
  156  13:44  Siege Tank x2  
  156  13:46  Marine  
  156  13:48  Marine x2  
  156  13:49  Viking x2  
  156  13:50  Marine  
  156  13:51  Marine x2  
  156  13:52  SCV x2  
  156  13:53  Marine x8  
  175  13:56  Armory  
  175  14:01  Command Center  
  175  14:04  Marine  
  175  14:06  Marine x2  
  175  14:07  Viking  
  175  14:08  Marine x2  
  175  14:09  Marine, Liberator  
  186  14:10  Marine  
  186  14:11  Marine x7  
  186  14:15  Refinery x3  
  194  14:22  Marine  
  195  14:24  Marine x2  
  195  14:25  Marine  
  195  14:26  Marine x2  
  200  14:37  Missile Turret  
  200  14:39  Starport Reactor  
  168  14:56  Marine x3  
  168  14:58  Marine x9  
  168  14:59  Marine  
  160  15:00  Siege Tank  
  160  15:01  Viking, Siege Tank  
  160  15:02  Viking x2  
  160  15:05  Terran Vehicle And Ship Armor Level 1, Fusion Core  
  172  15:08  Marine  
  162  15:14  Marine x3  
  162  15:16  Orbital Command, Marine  
  162  15:18  Missile Turret  
  162  15:19  Missile Turret  
  162  15:21  Marine x2  
  168  15:27  Marine x8  
  168  15:28  Liberator x2  
  176  15:29  Terran Ship Weapons Level 2  
  176  15:31  Viking  
  176  15:32  Marine x3  
  176  15:33  Marine  
  176  15:35  SCV  
  189  15:38  Marine  
  189  15:39  Marine  
  191  15:45  Marine x3  
  191  15:47  SCV  
  191  15:49  Siege Tank  
  198  15:51  Marine  
  198  15:55  Advanced Ballistics  
  198  15:56  Starport Reactor  
  199  16:09  Sensor Tower  
  173  16:19  Marine x10  
  173  16:21  Marine, Siege Tank  
  176  16:38  Viking x6  
  176  16:39  Marine x12  
  171  16:42  Marine  
  171  16:43  Marine  
  168  16:57  Marine x2  
  168  17:00  Marine  
  173  17:03  Marine x2  
  173  17:08  Viking x2  
  178  17:10  Liberator x2  
  178  17:12  Marine  
  182  17:16  Marine x2  
  182  17:18  Marine x2  
  182  17:20  Marine x2  
  161  17:33  Marine  
  161  17:34  Marine x5  
  161  17:35  Marine  
  161  17:36  Marine  
  132  17:38  Marine  
  132  17:42  Orbital Command  
  132  17:53  Marine x2  
  132  17:54  Marine x6  
  140  18:01  Marine  
  140  18:02  Marine  
  135  18:23  Siege Tank  
  135  18:24  Medivac x4  
  146  18:29  Marine  
  146  18:30  Marine  
  146  18:33  Marine  
  146  18:34  Marine x2  
  125  18:55  Marine x10  
  120  19:05  Liberator x2  
  120  19:06  Siege Tank  
  126  19:13  Marine x7  
  126  19:14  Refinery  
  126  19:16  Refinery  
  133  19:17  Refinery  

Tags
 
Add a new tag
Caveats
  • Supply blocks, unpowered buildings, or Contaminate may cause inaccurate times.
  • Supply counts are checked every 10 seconds.